 Dungeon Crawl Stone Soup version 0.29-a0-872-g797fff5ad1 (webtiles) character file.

Game seed: 7374353005596817032

32509 buhh the Transmogrifier (level 14, 150/150 HPs)
             Began as a Meteoran Transmuter on July 19, 2022.
             Was the Champion of Cheibriados.
             Quit the game on level 1 of the Lair of Beasts.
             The game lasted 00:31:30 (6314 turns).

buhh the Transmogrifier (Meteoran Transmuter)       Turns: 6314, Time: 00:31:31

Health: 150/150    AC: 29    Str: 28    XL:     14   Next: 35%
Magic:  19/21      EV: 42    Int: 33    God:    Cheibriados [******]
Gold:   700        SH:  0    Dex: 43    Spells: 5/18 levels left

rFire   . . .      SeeInvis .     - Unarmed
rCold   . . .      Faith    .   (no shield)
rNeg    + . .      Spirit   .   (body armour currently unavailable)
rPois   ∞          Reflect  .   o - +1 hat
rElec   +          Harm     .   (no cloak)
rCorr   .          Rampage  .   (gloves currently unavailable)
Will    +....                   (boots currently unavailable)
Stlth   +.........              y - amulet of the acrobat
HPRegen 0.35/turn               p - +6 ring of dexterity
MPRegen 0.17/turn               G - +6 ring of dexterity

@: statue-form, acrobatic, glowing, bezotted, very slow
A: slow and powerful, torment resistance 1, boosted hp, sense surroundings 2,
otherworldly, glowing, explore regen
a: End Transformation, Renounce Religion, Bend Time, Temporal Distortion,
Slouch, Step From Time


You were on level 1 of the Lair of Beasts.
You worshipped Cheibriados.
Cheibriados was exalted by your worship.
You were a living statue of rough stone.
You visited 3 branches of the dungeon, and saw 16 of its levels.
You also visited: Sewer and Ossuary.

You collected 700 gold pieces.

Inventory:

Missiles
 r - 13 poisoned darts
Armour
 o - a +1 hat (worn)
 B - +0 steam dragon scales (melded)
Magical Staves
 a - a staff of conjuration
Jewellery
 c - an amulet of guardian spirit
 p - a +6 ring of dexterity (left fist)
 y - an amulet of the acrobat (around neck)
 G - a +6 ring of dexterity (right fist)
Wands
 n - a wand of mindburst (14)
 A - a wand of digging (7)
 D - a wand of paralysis (23)
 E - a wand of flame (32)
 H - a wand of quicksilver (17)
Scrolls
 b - 2 scrolls of blinking {!d}
 d - a scroll of magic mapping {!d}
 e - a scroll of poison
 f - 3 scrolls of fog
 h - a scroll of vulnerability
 i - 2 scrolls of brand weapon
 k - a scroll of torment
 l - 5 scrolls of immolation {!r}
 C - a scroll of enchant armour {unknown}
Potions
 j - 4 potions of flight {unknown}
 m - 5 potions of haste {unknown}
 q - a potion of magic {!d}
 s - 3 potions of invisibility {unknown}
 t - 2 potions of brilliance {!d}
 u - a potion of cancellation {unknown}
 v - 6 potions of curing {!d}
 w - 4 potions of heal wounds {!d}
 x - 2 potions of degeneration {unknown}
 z - 2 potions of attraction {unknown}
 F - a potion of resistance {unknown}
Miscellaneous
 g - a tin of tremorstones (2/2)


   Skills:
 * Level 8.5 Fighting
 * Level 9.6 Dodging
 * Level 10.1 Unarmed Combat
 - Level 2.6 Spellcasting
 - Level 14.1 Transmutations
 - Level 7.5 Ice Magic
 - Level 11.1 Earth Magic
 * Level 8.4 Invocations
 * Level 7.7 Evocations


You had 5 spell levels left.
You knew the following spells:

 Your Spells              Type           Power      Damage    Failure   Level
a - Beastly Appendage     Tmut           100%       N/A       1%          1
b - Wereblood             Tmut           78%        N/A       1%          2
d - Ice Form              Ice/Tmut       66%        N/A       1%          4
f - Statue Form           Tmut/Erth      48%        N/A       5%          6

Your spell library contained the following spells:

 Spells                   Type           Power      Damage    Failure   Level
 Sandblast                Erth           100%       2d20      1%          1
 Passwall                 Tmut/Erth      60%        N/A       1%          2
 Frozen Ramparts          Ice            100%       1d12      1%          3
 Spider Form              Tmut/Pois      50%        N/A       1%          3
 Stone Arrow              Conj/Erth      82%        3d12      1%          3
 Lee's Rapid Deconstruct  Erth           33%        3d18*     1%          5
 Magic Dart               Conj           16%        1d3       6%          1
 Slow                     Hex            16%        N/A       6%          1
 Leda's Liquefaction      Hex/Erth       20%        N/A       6%          4
 Call Imp                 Summ           4%         N/A       9%          2
 Poisonous Vapours        Pois/Air       8%         N/A       9%          2
 Mephitic Cloud           Conj/Pois/Air  4%         N/A       19%         3
 Metabolic Englaciation   Hex/Ice        14%        N/A       34%         5
 Corpse Rot               Necr/Pois/Air  4%         N/A       52%         4


Dungeon Overview and Level Annotations

Branches:
Dungeon (10/15) Zot: 3693  Temple (1/1) D:4 Zot: 847    Lair (5/5) D:9 Zot: 97
 Shoals (0/4) Lair:3       Spider (0/4) Lair:2        Slime (0/5) Lair:4
  Sewer (visited)         Ossuary (visited)
    Orc: D:9-12

Altars:
Cheibriados
Fedhas
Gozag
Kikubaaqudgha
Okawaru
Sif Muna
Wu Jian
Jiyva


Innate Abilities, Weirdness & Mutations

You are a living statue of rough stone.
Your actions are slow, but your melee attacks are powerful.
You are resistant to unholy torment.
Your maximum health is greatly increased.
You are immune to poison.
Your equipment is partially melded.
You passively map the area around you.
You are easily found by Zot.
You glow in the dark.
You regain HP and MP as you explore.


Message History

(N) Spider Nest (M) Slime Pits
Where to? (Enter - D:9, ? - help)
There is a stone staircase leading up here.
You climb upwards.
HP restored.
You revert to your normal fleshy form.
Your +0 steam dragon scales unmelds from your body.
There is a stone staircase leading down here.
(D) Dungeon (T) Temple (L) Lair (A) Shoals (N) Spider Nest (M) Slime Pits
Where to? (Enter - Lair:1, ? - help) Have to go through Lair:2.
Continue?
Okay, then.
There is a stone staircase leading down here.
You climb downwards.
There is a stone staircase leading up here.
You turn into a living statue of rough stone.
Your +0 steam dragon scales melds into your body.
(D) Dungeon (T) Temple (L) Lair (A) Shoals (N) Spider Nest (M) Slime Pits
Where to? (Enter - D:9, ? - help)
You climb upwards.
There is a stone staircase leading down here.
A river rat is nearby!
The river rat completely misses you. x2; The river rat barely misses you.
You closely miss the river rat. The river rat barely misses you.
The river rat completely misses you.
You punch the river rat!
The river rat is almost dead.
The river rat misses you.
You pulverise the river rat!!!
You kill the river rat!
Cheibriados thoroughly appreciates the change of pace.
You see here a river rat corpse.
You enter the shallow water.
Moving in this stuff is going to be slow.
An electric eel comes into view.
You have lingered too long.
Zot senses you.
Dive deeper or flee this branch before you suffer!
The electric eel moves out of view.
Unknown command.
Are you sure you want to abandon this character and quit the game? (Confirm with "yes".)

....#...........# #†#
........#.......## #..
.........#.......# #..
.#..###...#.....## ##.
##..# ##...#...#.### #.
##..# ##...>..##.P### #.
....# ##...#.##..≈≈♣### *#.
....#* ##..##†....≈♣♣≈≈≈# *
#..
###..###...###..8♣≈≈≈≈≈♣≈≈
##.^
P###..#.P..##..♣♣≈≈≈≈≈≈≈≈≈*
#... ##
#......##..♣♣≈≈♣≈≈≈≈≈≈ ,
#... .#
###....##..≈≈≈≈≈≈≈≈≈≈≈≈ #
#..^ ##
#.......#..♣♣≈♣≈≈≈♣≈≈≈≈
..#... .
##...#.....♣♣≈≈♣≈P≈≈ ≈≈
,.....
.###.....#...[♣≈≈≈≈≈≈≈≈≈ *
,...^.
......#####..≈♣≈≈≈≈≈≈≈≈≈≈≈
*,##^ .....## ..♣♣≈≈≈
≈≈≈≈≈≈≈* ##


There were no monsters in sight!

Vanquished Creatures
  Gastronok (D:9)
  3 hydras
  2 two-headed ogres
  A catoblepas (Lair:4)
  8 death yaks
  Amaemon (Lair:2)
  2 wolf spiders (Lair:2)
  Maurice (D:9)
  3 black mambas
  10 elephants
  11 cane toads
  An orange demon (Lair:2)
  4 komodo dragons
  Maggie (D:8)
  2 polar bears
  8 blink frogs
  A culicivora (Lair:2)
  A jumping spider (Lair:2)
  A wraith (D:9)
  18 yaks
  6 wyverns
  3 basilisks
  2 steam dragons
  9 water moccasins
  Duvessa (D:7)
  2 orc warriors
  A swamp drake (D:9)
  5 black bears
  2 ice beasts
  A sky beast (D:4)
  8 wolves
  9 centaurs
  A phantom (D:7)
  10 bullfrogs
  A necrophage (D:7)
  4 kobold brigands
  Blork the orc (D:4)
  3 scorpions
  8 wights
  Dowan (D:7)
  4 howler monkeys
  3 electric eels
  5 jellies
  2 orc wizards
  5 hell rats (Lair:1)
  13 mummies
  9 adders
  22 river rats
  A shadow imp (D:5)
  2 white imps (D:6)
  An ufetubus (D:4)
  3 worms
  A dart slug (D:1)
  17 orcs
  6 ball pythons
  5 endoplasms
  5 giant cockroaches
  4 goblins
  4 hobgoblins
  7 quokkas
  5 bats
  4 frilled lizards (Sewer)
  A gnoll skeleton (Ossuary)
  A goblin skeleton (Ossuary)
  18 kobolds
  2 kobold skeletons (Ossuary)
  4 orc skeletons (Ossuary)
  19 rats
  11 rat skeletons (Ossuary)
342 creatures vanquished.

Vanquished Creatures (others)
  17 fungi
  57 plants
74 creatures vanquished.

Grand Total: 416 creatures vanquished

Notes
Turn   | Place    | Note
-------+----------+-------------------------------------------
     0 | D:1      | buhh the Meteoran Transmuter began the quest for the Orb.
     0 | D:1      | Reached XP level 1. HP: 16/16 MP: 5/5
    69 | D:1      | Reached XP level 2. HP: 14/23 MP: 6/6
   212 | D:1      | Reached XP level 3. HP: 28/29 MP: 5/8
   780 | D:3      | Found a shimmering blue altar of Sif Muna.
   847 | D:3      | Reached XP level 4. HP: 18/37 MP: 5/9
   967 | D:3      | Got Finamus's Precepts of Spellbinding and the Chill
  1158 | D:4      | Learned a level 2 spell: Wereblood
  1162 | D:4      | Learned a level 3 spell: Spider Form
  1190 | D:4      | Reached XP level 5. HP: 38/42 MP: 8/10
  1246 | D:4      | Found a glowing drain.
  1287 | Sewer    | Entered a sewer
  1355 | Sewer    | Reached skill level 5 in Unarmed Combat
  1389 | Sewer    | Reached XP level 6. HP: 46/51 MP: 9/11
  1443 | Sewer    | Found a viscous altar of Jiyva.
  1450 | Sewer    | Reached skill level 3 in Transmutations
  1542 | D:4      | Noticed Blork the orc
  1551 | D:4      | Killed Blork the orc
  1552 | D:4      | Reached XP level 7. HP: 52/58 MP: 7/12
  1604 | D:5      | Entered Level 5 of the Dungeon
  1733 | D:4      | Reached skill level 5 in Dodging
  1787 | D:4      | Found a staircase to the Ecumenical Temple.
  1819 | Temple   | Entered the Ecumenical Temple
  1839 | Temple   | Became a worshipper of Cheibriados the Contemplative
  2263 | D:6      | Found a sand-covered staircase.
  2266 | D:6      | Noticed a steam dragon
  2269 | Ossuary  | Entered an ossuary
  2318 | Ossuary  | Reached XP level 8. HP: 38/67 MP: 4/13
  2359 | Ossuary  | Reached skill level 4 in Transmutations
  2359 | Ossuary  | Reached skill level 1 in Ice Magic
  2429 | Ossuary  | Reached * piety under Cheibriados
  2635 | Ossuary  | Learned a level 4 spell: Ice Form
  2649 | D:6      | Killed a steam dragon
  2650 | D:6      | Reached skill level 5 in Transmutations
  2661 | D:6      | Reached skill level 6 in Transmutations
  2813 | D:6      | Gained mutation: You passively map the area around you.
                  | [Meteoran growth]
  2813 | D:6      | Reached XP level 9. HP: 72/72 MP: 12/14
  3115 | D:7      | Noticed a two-headed ogre
  3125 | D:7      | Reached skill level 5 in Ice Magic
  3126 | D:7      | Reached skill level 7 in Transmutations
  3128 | D:7      | Killed a two-headed ogre
  3129 | D:7      | Reached skill level 8 in Transmutations
  3258 | D:7      | Reached ** piety under Cheibriados
  3289 | D:7      | Found an iron altar of Okawaru.
  3302 | D:7      | Reached skill level 9 in Transmutations
  3302 | D:7      | Reached XP level 10. HP: 79/79 MP: 15/15
  3419 | D:7      | Noticed Dowan
  3419 | D:7      | Noticed Duvessa
  3428 | D:7      | Killed Duvessa
  3429 | D:7      | Reached skill level 1 in Earth Magic
  3429 | D:7      | Killed Dowan
  3604 | D:8      | Noticed Maggie
  3613 | D:8      | Killed Maggie
  3670 | D:8      | Reached skill level 10 in Transmutations
  3748 | D:8      | Found an ornate altar of the Wu Jian Council.
  3823 | D:9      | Reached skill level 5 in Earth Magic
  3865 | D:9      | Noticed Gastronok
  3887 | D:9      | Killed Gastronok
  3888 | D:9      | Reached skill level 11 in Transmutations
  3891 | D:9      | Noticed Maurice
  3906 | D:9      | Reached *** piety under Cheibriados
  3907 | D:9      | Reached XP level 11. HP: 85/85 MP: 16/16
  3953 | D:9      | Noticed a two-headed ogre
  3961 | D:9      | Killed a two-headed ogre
  3962 | D:9      | Reached skill level 12 in Transmutations
  3982 | D:9      | Killed Maurice
  4013 | D:9      | Learned a level 6 spell: Statue Form
  4124 | D:10     | Entered Level 10 of the Dungeon
  4177 | D:9      | Reached skill level 13 in Transmutations
  4183 | D:9      | Found an ancient bone altar of Kikubaaqudgha.
  4185 | D:9      | Found an opulent altar of Gozag.
  4254 | D:9      | Reached **** piety under Cheibriados
  4294 | D:9      | Found a staircase to the Lair.
  4321 | D:9      | Reached skill level 10 in Earth Magic
  4339 | Lair:1   | Entered Level 1 of the Lair of Beasts
  4384 | Lair:1   | Reached skill level 1 in Invocations
  4384 | Lair:1   | Reached skill level 1 in Evocations
  4393 | Lair:1   | Reached XP level 12. HP: 85/92 MP: 13/17
  4413 | Lair:1   | Reached skill level 5 in Fighting
  4516 | Lair:1   | Reached ***** piety under Cheibriados
  4847 | Lair:2   | Noticed Amaemon
  4855 | Lair:2   | Killed Amaemon
  4871 | Lair:2   | Reached skill level 14 in Transmutations
  4899 | Lair:2   | Noticed a death yak
  4900 | Lair:2   | Noticed a death yak
  4915 | Lair:1   | Noticed a four-headed hydra
  4920 | Lair:1   | Killed a four-headed hydra
  5020 | Lair:2   | You fall into a shaft and drop 2 floors!
  5051 | Lair:4   | Noticed a seven-headed hydra
  5056 | Lair:4   | Killed a seven-headed hydra
  5057 | Lair:4   | Reached XP level 13. HP: 73/102 MP: 15/18
  5084 | Lair:3   | Reached skill level 5 in Invocations
  5148 | Lair:3   | Noticed an eight-headed hydra
  5160 | Lair:3   | Killed an eight-headed hydra
  5193 | Lair:3   | Reached skill level 5 in Evocations
  5196 | Lair:3   | Reached ****** piety under Cheibriados
  5344 | Lair:3   | Identified the +6 plate armour of Luxaneg {Str-2 Dex+4}
  5377 | Lair:3   | Found a staircase to the Shoals.
  5521 | Lair:4   | Noticed a catoblepas
  5525 | Lair:4   | Killed a catoblepas
  5588 | Lair:5   | Entered Level 5 of the Lair of Beasts
  5717 | Lair:4   | Found a viscous altar of Jiyva.
  5718 | Lair:4   | Found a staircase to the Slime Pits.
  5953 | Lair:5   | Noticed a catoblepas
  5953 | Lair:5   | Noticed a death yak
  5953 | Lair:5   | Noticed a death yak
  5953 | Lair:5   | Noticed a death yak
  5953 | Lair:5   | Noticed a death yak
  5963 | Lair:4   | Killed a death yak
  5969 | Lair:4   | Killed a death yak
  5970 | Lair:4   | Reached XP level 14. HP: 55/115 MP: 17/20
  6148 | Lair:2   | Reached skill level 10 in Unarmed Combat
  6186 | Lair:2   | Found a hole to the Spider Nest.
  6313 | Lair:1   | Glimpsed the power of Zot.
  6314 | Lair:1   | Quit the game

Illustrated notes

Levels and vault maps discovered:
D:1:      dpeg_arrival_stonehenge_8_columns, layout_loops_ring, minivault_14,
          minmay_pentomino_s2
D:2:      layout_rooms, minivault_26
D:3:      layout_basic, nicolae_sif_muna_condensation
D:4:      layout_layer_cave, minmay_temple_entry_waves, portal_sewer_entry_e,
          uniq_blork_the_orc
D:5:      layout_loops_corners, worldfamousw_hep_ancestral_shrine
D:6:      layout_loops_ring, gup_ossuary_entry_pyramid,
          chequers_serial_rivers_micro_b
D:7:      minmay_cornered_nines, layout_rooms, okawaru_trees_2, serial_glass,
          glass_columns_b, glass_columns_c, glass_columns_c, glass_columns_c,
          glass_columns_a, glass_columns_a, glass_columns_b, glass_columns_c,
          serial_bayou_ford_a, minivault_14, uniq_duvessa
D:8:      layout_cave_pools, nicolae_wu_jian_wuxing_cycle, uniq_maggie
D:9:      layout_cave_pools, mainiacjoe_overflow_alcove_4,
          gammafunk_temple_overflow_forgotten, erik_lair_dragon,
          minmay_unpleasant_kobolds, uniq_gastronok, uniq_maurice
D:10:     layout_basic, good_gods_temple_1
Temple:   minmay_temple_curvy_loop
Lair:1:   lemuel_ratsnest, layout_layer_cave, minmay_holes, serial_bayou_lake_a
Lair:2:   layout_small_grid, spider_nest_entry_funnel_web,
          nicolae_volcano_entry_s_turn, uniq_amaemon
Lair:3:   layout_loops_ring, minmay_shoals_entry_centaurs, beast_lair_carwin_7
Lair:4:   layout_cave_pods, slime_entry_1, grunt_megastairs_2
Lair:5:   gammafunk_lair_ancient_temple, layout_gridlike, patterned_corridor

Skill      XL: |  1  2  3  4  5  6  7  8  9 10 11 12 13 14 |
---------------+-------------------------------------------+-----
Unarmed Combat | 4 5 6 7 9 10 | 10.1
Dodging        | 3 4 5 7 9 |  9.6
Fighting       | 2 3 4 6 8 |  8.5
Transmutations | 3 6 9 11 13 14 | 14.1
Ice Magic      | 4 7 |  7.5
Earth Magic    | 6 10 11 | 11.1
Invocations    | 1 4 7 8 |  8.4
Evocations     | 1 4 6 7 |  7.7
Spellcasting   | |  2.6

Action                   |  1- 3 |  4- 6 |  7- 9 | 10-12 | 13-15 || total
-------------------------+-------+-------+-------+-------+-------++-------
Melee: Unarmed           |    75 |   121 |   243 |   368 |   196 ||  1003
       Kick              |    15 |     7 |       |       |       ||    22
       Headbutt          |     7 |     8 |       |       |       ||    15
       Punch             |     1 |     2 |     8 |    15 |    18 ||    44
 Cast: Beastly Appendage |    13 |     9 |       |       |       ||    22
       Wereblood         |       |     4 |     3 |     4 |     4 ||    15
       Spider Form       |       |     4 |    17 |       |       ||    21
       Ice Form          |       |       |     6 |    12 |       ||    18
       Statue Form       |       |       |       |    27 |    26 ||    53
Invok: Slouch            |       |       |       |       |     2 ||     2
Evoke: Wand              |       |       |     3 |     5 |     1 ||     9
       Tin of tremorston |       |       |       |     2 |       ||     2
  Use: Scroll            |       |     5 |     3 |    11 |     1 ||    20
       Potion            |       |     2 |     1 |     2 |       ||     5
 Stab: Paralysed         |       |       |       |     9 |       ||     9
Armor: Robe              |    38 |    17 |    10 |     1 |       ||    66
       Skin              |       |    19 |    62 |   198 |   140 ||   419
       Steam dragon scal |       |       |       |     1 |       ||     1
Dodge: Dodged            |    70 |    91 |   135 |   442 |   461 ||  1199

Table legend: (Time is in decaauts)
 A = Elapsed time spent in this place.
 B = Non-inter-level travel time spent in this place.
 C = Inter-level travel time spent in this place.
 D = Time resting spent in this place.
 E = Time spent auto-exploring this place.
 F = Levels seen in this place.
 G = Mean time per level.
                   A        B        C        D        E       F      G
               +--------+--------+--------+--------+--------+-----+--------+
         Total |   9645 |   9270 |    375 |    127 |      0 |  18 |  535.8 |
       Dungeon |   4516 |   4411 |    105 |    127 |      0 |  10 |  451.6 |
        Temple |     42 |     42 |      0 |      0 |      0 |   1 |   42.0 |
          Lair |   4400 |   4130 |    270 |      0 |      0 |   5 |  880.0 |
         Sewer |    263 |    263 |      0 |      0 |      0 |   1 |  263.0 |
       Ossuary |    421 |    421 |      0 |      0 |      0 |   1 |  421.0 |
               +--------+--------+--------+--------+--------+-----+--------+

Top non-repeatable levels by time:
  Lair:1: 1236 daAuts
  Lair:4: 1185 daAuts
  Lair:3: 1107 daAuts
  Lair:2: 861 daAuts
     D:9: 833 daAuts
     D:4: 712 daAuts
     D:6: 680 daAuts
     D:7: 592 daAuts
     D:1: 438 daAuts
     D:3: 431 daAuts
 Ossuary: 421 daAuts
     D:8: 409 daAuts
     D:2: 263 daAuts
   Sewer: 263 daAuts
     D:5: 132 daAuts
